 Dungeon Crawl Stone Soup version 0.23.2-11-gf996548 (webtiles) character file.

Game seed: 5043161929211579510

2968 Fortress the Chopper (level 9, -1/72 HPs)
             Began as a Demonspawn Abyssal Knight on June 6, 2019.
             Was an Elder of Lugonu.
             Killed from afar by an electric eel (12 damage)
             ... with a bolt of electricity
             ... on level 8 of the Dungeon.
             The game lasted 00:56:01 (8353 turns).

Fortress the Chopper (Demonspawn Abyssal Knight)    Turns: 8353, Time: 00:56:01

Health: -1/72      AC: 18    Str: 16    XL:     9   Next: 52%
Magic:  13/14      EV:  9    Int: 13    God:    Lugonu [****..]
Gold:   285        SH:  0    Dex: 13    Spells: 9/10 levels left

rFire    + . .     SeeInvis .   r - +1 battleaxe (vamp) (curse)
rCold    . . .     Gourm    .   (shield currently unavailable)
rNeg     . . .     Faith    .   p - +3 scale mail
rPois    .         Spirit   .   (no helmet)
rElec    .         Reflect  .   o - +1 cloak
rCorr    .         Harm     .   H - +0 pair of gloves
MR       +....                  A - +2 pair of boots
Stlth    ..........             (no amulet)
HPRegen  0.22/turn              (no ring)
MPRegen  0.14/turn              (no ring)

@: no status effects
A: molten scales 1, demonic guardian 1, fire resistance 1, magic resistance 1,
wild magic 1
a: Depart the Abyss, Bend Space, Banish, Corrupt, Renounce Religion


You were on level 8 of the Dungeon.
You worshipped Lugonu.
Lugonu was greatly pleased with you.
You were hungry.

You visited 2 branches of the dungeon, and saw 9 of its levels.
You visited the Abyss 1 time.

You collected 285 gold pieces.

Inventory:

Hand Weapons
 a - a +2 hand axe
 h - a +4 dire flail of draining
 n - a +3 great sword
 r - a cursed +1 vampiric battleaxe (weapon)
 y - the cursed +3 rapier of Mofrexus {freeze, rElec Str+9 Int-4, unknown}
   (You found it on level 5 of the Dungeon)

   It has been specially enchanted to freeze those struck by it, causing extra
   injury to most foes and up to half again as much damage against particularly
   susceptible opponents.
   It can also slow down cold-blooded creatures.
   It affects your strength (+9).
   It affects your intelligence (-4).
   It insulates you from electricity.
   It has a curse placed upon it.
 G - the +2 war axe of Mudghib {protect, Str+4 Stlth-}
   (You found it on level 6 of the Dungeon)

   It protects the one who uses it against injury (+AC on strike).
   It affects your strength (+4).
   It makes you less stealthy.
Missiles
 i - 3 poisoned tomahawks (quivered)
Armour
 o - a +1 cloak (worn)
 p - a +3 scale mail (worn)
 A - a +2 pair of boots (worn)
 H - a +0 pair of gloves (worn)
Jewellery
 C - a cursed ring of teleportation {unknown}
 D - a cursed -3 ring of evasion {unknown}
Wands
 B - a wand of flame (20)
 F - a wand of iceblast (6)
Scrolls
 d - 5 scrolls of teleportation
 e - a scroll of fear
 g - 3 scrolls of amnesia
 j - a scroll of remove curse
 k - a scroll of identify
 t - a scroll of magic mapping
 u - a scroll of enchant weapon
 v - 2 scrolls of enchant armour
Potions
 b - a potion of haste
 f - a potion of cancellation
 l - a potion of lignification
 m - a potion of flight
 q - a potion of might
 s - a potion of invisibility
 w - a potion of agility
 x - a potion of curing
 z - a potion of heal wounds
 E - 2 potions of brilliance
Comestibles
 c - 16 rations
 I - a chunk of flesh


   Skills:
 + Level 7.0 Fighting
 + Level 7.5 Axes
 - Level 3.7 Armour
 - Level 1.2 Dodging
 - Level 1.0 Spellcasting
 + Level 5.5 Necromancy
 + Level 7.3 Invocations


You had 9 spell levels left.
You knew the following spells:

 Your Spells              Type           Power        Failure   Level  Hunger
a - Animate Skeleton      Necr           N/A          14%         1    ##.....

Your spell library contained the following spells:

 Spells                   Type           Power        Failure   Level  Hunger
 Pain                     Necr           ###.         14%         1    ##.....
 Vampiric Draining        Necr           ###.......   38%         3    ####...
 Regeneration             Chrm/Necr      ##........   75%         3    ####...
 Animate Dead             Necr           N/A          77%         4    #####..


Dungeon Overview and Level Annotations

Branches:
Dungeon (8/15)             Temple (1/1) D:4            Lair (0/6) D:8

Altars:
Ashenzari
Cheibriados
Dithmenos
Elyvilon
Fedhas
Gozag
Hepliaklqana
Kikubaaqudgha
Makhleb
Nemelex Xobeh
Okawaru
Qazlal
Ru
Sif Muna
Trog
Uskayaw
Vehumet
Wu Jian
Xom
Yredelemnul
Zin
The Shining One

Annotations:
D:4 3 runed translucent doors, mortress's ghost, amateur OpNe
D:7 2 transporters, Temamet's ghost, novice DEFE


Innate Abilities, Weirdness & Mutations

You are partially covered in molten scales. (AC +2)
A weak demonic guardian rushes to your aid.
Your flesh is heat resistant. (rF+)
You are resistant to hostile enchantments. (MR+)
Your spells are a little harder to cast, but a little more powerful.


Message History

Your Fighting skill increases to level 7!
You slash the wolf!
You kill the wolf!
Lugonu accepts your kill.
You barely miss the electric eel.
The electric eel shoots out a bolt of lightning at you!
The bolt of electricity hits you!
The electric eel shoots out a bolt of lightning at you!
The bolt of electricity hits you!
* * * LOW HITPOINT WARNING * * *
You hit the electric eel but do no damage.
You hit the electric eel.
You feel better.
The electric eel is lightly wounded.
The electric eel shoots out a bolt of lightning at you!
The bolt of electricity hits you!
* * * LOW HITPOINT WARNING * * *
Space bends around you!
You blink.
The electric eel shoots out a bolt of lightning at you!
The bolt of electricity hits you!
You die...

##.......##..###.#
##......#..#..# ###
##.......#..#..# .
##.....##........ .
.#......#...##.## .#
....###....###..# #.# #
..........####.###..#.......
.........####...#.....(#.#.
................@.........
....≈...............#..#.
≈.≈...≈.†.).........#...
.≈≈≈≈≈≈.††.?..##...>...#
.≈≈≈≈≈.≈≈;≈≈..##.##.$..#
.≈≈≈≈≈≈≈≈≈...##... #.<.#
≈≈≈≈≈≈≈≈≈≈.......##..........
≈≈≈.≈.≈.≈≈≈≈...###...........
≈≈....≈≈≈....# ##.#......>#


You could see an electric eel.

Vanquished Creatures
  Joseph (D:7)
  A hippogriff (D:8)
  A spriggan (D:7)
  Edmund (D:6)
  2 sky beasts (D:5)
  An ice beast (D:8)
  A necrophage (D:7)
  3 ogres
  4 wolves (D:8)
  A bullfrog (D:5)
  A scorpion (D:8)
  3 wights (D:4)
  3 crimson imps
  A centaur skeleton (D:5)
  6 hounds
  2 jellies
  2 orc priests
  An orc wizard (D:7)
  A bullfrog skeleton (D:4)
  An iguana (D:4)
  5 worker ants
  A worker ant zombie (D:5)
  11 adders
  3 gnolls (D:6)
  A shadow imp (D:7)
  An ooze (D:2)
  An adder skeleton (D:4)
  3 worms
  A dart slug (D:1)
  13 leopard geckos
  13 orcs
  5 ball pythons
  8 giant cockroaches
  6 goblins
  8 hobgoblins
  3 jackals (D:1)
  12 kobolds
  2 quokkas
  7 bats
  9 frilled lizards
  A quokka skeleton (D:4)
  13 rats
164 creatures vanquished.

Vanquished Creatures (collateral kills)
  Prince Ribbit (D:7)
  An orc warrior (D:6)
  A scorpion (D:4)
  2 wights (D:4)
  A hound (D:4)
  An orc wizard (D:3)
  An adder (D:4)
  2 orcs
10 creatures vanquished.

Vanquished Creatures (others)
  A plant (D:3)
1 creature vanquished.

Grand Total: 175 creatures vanquished

Notes
Turn   | Place    | Note
-------+----------+-------------------------------------------
     0 | Abyss:1  | Fortress the Demonspawn Abyssal Knight began the quest for
                  | the Orb.
     0 | Abyss:1  | Reached XP level 1. HP: 18/18 MP: 2/2
     0 | D:1      | Escaped the Abyss
   128 | D:1      | Reached * piety under Lugonu
   179 | D:1      | Gained mutation: You are partially covered in molten
                  | scales. (AC +2) [demonic ancestry]
   179 | D:1      | Reached XP level 2. HP: 17/24 MP: 3/3
   225 | D:1      | Reached skill level 1 in Dodging
   248 | D:1      | HP: 1/24 [kobold/+0 short sword (1)]
   994 | D:2      | Gained mutation: A weak demonic guardian rushes to your
                  | aid. [demonic ancestry]
   994 | D:2      | Reached XP level 3. HP: 27/29 MP: 4/4
  1710 | D:2      | Reached XP level 4. HP: 36/36 MP: 5/5
  2324 | D:3      | Reached ** piety under Lugonu
  2614 | D:3      | Reached XP level 5. HP: 42/42 MP: 6/6
  3373 | D:4      | Found a runed translucent gate.
  3374 | D:4      | Found a runed translucent gate.
  3375 | D:4      | Found a runed translucent gate.
  3376 | D:4      | Noticed mortress's ghost (amateur OpNe)
  3575 | D:4      | Reached XP level 6. HP: 21/48 MP: 7/7
  3853 | D:4      | Found a staircase to the Ecumenical Temple.
  3914 | Temple   | Entered the Ecumenical Temple
  4227 | D:4      | Reached skill level 5 in Axes
  4440 | D:4      | Gained mutation: Your flesh is heat resistant. (rF+)
                  | [demonic ancestry]
  4440 | D:4      | Reached XP level 7. HP: 55/55 MP: 8/8
  4683 | D:4      | Reached *** piety under Lugonu
  4923 | D:5      | Entered Level 5 of the Dungeon
  5137 | D:5      | Reached skill level 1 in Spellcasting
  5141 | D:5      | Learned a level 1 spell: Animate Skeleton
  5505 | D:5      | Got an encrusted rapier
  5613 | D:5      | Reached skill level 1 in Necromancy
  5926 | D:5      | You fall through a shaft for 3 floors!
  5938 | D:8      | Reached skill level 5 in Fighting
  6107 | D:6      | Reached XP level 8. HP: 62/62 MP: 10/10
  6117 | D:6      | Gained mutation: Your spells are a little harder to cast,
                  | but a little more powerful. [potion of mutation]
  6117 | D:6      | Gained mutation: You are resistant to hostile enchantments.
                  | (MR+) [potion of mutation]
  6285 | D:6      | Noticed Edmund
  6292 | D:6      | Killed Edmund
  6908 | D:6      | Reached skill level 5 in Invocations
  7244 | D:6      | Noticed a moth of wrath
  7247 | D:6      | Found a bloodstained altar of Trog.
  7281 | D:6      | Got a crude war axe
  7282 | D:6      | Identified the +2 war axe of Mudghib {protect, Str+4
                  | Stlth-} (You found it on level 6 of the Dungeon)
  7363 | D:7      | Found a transporter.
  7366 | D:7      | Noticed Temamet's ghost (novice DEFE)
  7377 | D:7      | Noticed a manticore
  7506 | D:7      | Noticed Joseph
  7519 | D:7      | Killed Joseph
  7530 | D:7      | Found a transporter.
  7804 | D:7      | Reached **** piety under Lugonu
  7804 | D:7      | Reached XP level 9. HP: 69/69 MP: 13/13
  7860 | D:7      | Noticed Prince Ribbit
  8271 | D:7      | Killed Prince Ribbit
  8328 | D:8      | Found a staircase to the Lair.
  8340 | D:8      | Reached skill level 5 in Necromancy
  8353 | D:8      | Killed from afar by an electric eel

Skill      XL: |  1  2  3  4  5  6  7  8  9 |
---------------+----------------------------+-----
Axes           | 2 3 4 5 6 7 |  7.5
Dodging        | 1 |  1.2
Armour         | 2 3 |  3.7
Fighting       | 4 5 6 7 |  7.0
Spellcasting   | 1 |  1.0
Invocations    | 3 6 7 |  7.3
Necromancy     | 2 4 5 |  5.5

Action                   |  1- 3 |  4- 6 |  7- 9 || total
-------------------------+-------+-------+-------++-------
Melee: Hand axe          |   132 |   310 |    54 ||   496
       Battleaxe         |       |       |   255 ||   255
Throw: Tomahawk          |       |       |     6 ||     6
 Cast: Animate Skeleton  |       |       |     4 ||     4
Invok: Depart the Abyss  |     1 |       |       ||     1
       Bend Space        |       |       |     5 ||     5
  Use: Potion            |     1 |     3 |     1 ||     5
       Scroll            |       |     8 |     9 ||    17
 Stab: Distracted        |       |     1 |     1 ||     2
  Eat: Chunk             |     2 |     8 |     5 ||    15
       Ration            |       |     1 |     3 ||     4
Armor: Leather armour    |    42 |    28 |       ||    70
       Scale mail        |       |   104 |   223 ||   327
Dodge: Dodged            |   106 |   145 |   179 ||   430
